 Dungeon Crawl Stone Soup version 0.28-a0-1374-ga75cb3825e (webtiles) character file.

Game seed: 16191219344471176481

99 Sabo the Sneak (level 4, -7/38 HPs)
             Began as a Naga Enchanter on Dec 31, 2021.
             Mangled by an orc (8 damage)
             ... on level 3 of the Dungeon.
             The game lasted 00:17:57 (2876 turns).

Sabo the Sneak (Naga Enchanter)                     Turns: 2876, Time: 00:18:00

Health: -7/38      AC:  2    Str: 10    XL:     4   Next: 72%
Magic:  7/7        EV: 10    Int: 18    God:
Gold:   101        SH:  0    Dex: 11    Spells: 7/7 levels left

rFire   . . .      SeeInvis +   a - +1 dagger
rCold   + . .      Faith    .   g - orb {mayhem}
rNeg    . . .      Spirit   .   b - +0 robe
rPois   +          Reflect  .   (no helmet)
rElec   .          Harm     .   o - scarf {shadows}
rCorr   .          Rampage  .   (no gloves)
Will    .....                   (no barding)
Stlth   +++.......              (no amulet)
HPRegen 0.12/turn               f - +4 ring of slaying
MPRegen 0.10/turn               p - ring of protection from cold

@: short of breath, very slow
A: AC +1, large, see invisible, deformed body, poison resistance, slowness 2,
spit poison 1, naga tail 1
a: Spit Poison


You were on level 3 of the Dungeon.
You visited 1 branch of the dungeon, and saw 3 of its levels.

You collected 101 gold pieces.

Inventory:

Hand Weapons
 a - a +1 dagger (weapon)
Missiles
 d - 46 stones
 e - 42 poisoned darts (quivered)
 j - 35 bolts
Armour
 b - a +0 robe (worn)
 g - an orb of mayhem (worn)
 o - a scarf of shadows (worn)
Jewellery
 f - a +4 ring of slaying (left hand)
 p - a ring of protection from cold (right hand)
Scrolls
 i - a scroll of teleportation
 l - a scroll of fog
 q - a scroll of enchant weapon {unknown}
 r - a scroll of vulnerability {unknown}
Potions
 c - a potion of invisibility
 h - a potion of might
 k - 2 potions of attraction {unknown}
 m - a potion of haste {unknown}
 n - a potion of magic {unknown}


   Skills:
 + Level 1.5 Fighting
 + Level 2.0 Short Blades
 + Level 1.1 Throwing
 + Level 2.0 Dodging
 + Level 5.2 Stealth
 + Level 2.1 Spellcasting
 + Level 3.4 Hexes


You had 7 spell levels left.
You didn't know any spells.
Your spell library contained the following spells:

 Spells                   Type           Power      Damage    Failure   Level
 Ensorcelled Hibernation  Hex/Ice        16%        N/A       13%         2
 Confusing Touch          Hex            14%        N/A       13%         3
 Tukima's Dance           Hex            14%        N/A       13%         3
 Corpse Rot               Necr/Air       2%         N/A       26%         2
 Dazzling Flash           Conj/Hex       16%        N/A       26%         3
 Dispel Undead            Necr           1%         3d6       87%         4
 Death Channel            Necr           0%         N/A       100%        6


Dungeon Overview and Level Annotations

Branches:
Dungeon (3/15)

Altars:


Innate Abilities, Weirdness & Mutations

Your serpentine skin is tough. (AC +1)
You have supernaturally acute eyesight. (SInv)
Armour fits poorly on your strangely shaped body.
Your system is resistant to poisons. (rPois)
You cover ground very slowly.
You can spit poison.
You have a snake-like lower body.


Message History

Unknown command.
You bump into the rock wall.
You have got your breath back.
The orc hits the orc wizard with a +0 club.
The orc wizard dies!
Your Fighting skill increases to level 1!
You're too confused to move!
You bump into the rock wall.
The orc hits you with a +0 club.
* * * LOW HITPOINT WARNING * * *
You hit the orc.
The orc is lightly wounded.
The orc hits you with a +0 club.
* * * LOW HITPOINT WARNING * * *
You bump into the rock wall.
The orc barely misses you. The orc closely misses you.
You hit the orc.
The orc is moderately wounded.
The orc misses you.
You bump into the rock wall.
You feel less confused. The orc hits you with a +0 club.
* * * LOW HITPOINT WARNING * * *
The orc misses you.
The orc refuses to make way for you. (Use ctrl+direction or * direction to attack.)
The orc refuses to make way for you. (Use ctrl+direction or * direction to attack.)
The orc refuses to make way for you. (Use ctrl+direction or * direction to attack.)
The orc refuses to make way for you. (Use ctrl+direction or * direction to attack.)
The orc refuses to make way for you. (Use ctrl+direction or * direction to attack.)
The orc refuses to make way for you. (Use ctrl+direction or * direction to attack.)
The orc refuses to make way for you. (Use ctrl+direction or * direction to attack.)
The orc shouts!
The orc hits you with a +0 club.
* * * LOW HITPOINT WARNING * * *
Aiming: Spit Poison (1% risk of failure)
Press: ? - help, Shift-Dir - straight line, f - orc
Aim: an orc, wielding a +0 club and wearing a +0 leather armour (moderately wounded, fast, strong, frenzied and insane)
The splash of poison hits the orc.
The orc is poisoned.
The orc is heavily wounded.
The orc hits you with a +0 club!
You die...

#..# ##.####..#
.........##
#....####
##.###.....#.#.
...............
##.###.....###.
#...<.....
#@#.#.###.
#o#.##.# #)#[#
#.# ))#.# ##
>..#.# ...##.#
#.## #.# ## #.#
#<#


You could see a neutral orc (fast, strong, insane, poisoned).

Vanquished Creatures
  An orc priest (D:3)
  An orc (D:3)
  5 bats
  7 endoplasms
  A giant cockroach (D:1)
  3 hobgoblins (D:1)
  2 quokkas (D:1)
  3 ball pythons
  9 frilled lizards (D:1)
  4 goblins (D:1)
  3 kobolds
  3 rats
42 creatures vanquished.

Vanquished Creatures (collateral kills)
  An orc wizard (D:3)
  An orc (D:3)
  A frilled lizard (D:1)
3 creatures vanquished.

Vanquished Creatures (others)
  3 plants (D:1)
3 creatures vanquished.

Grand Total: 48 creatures vanquished

Notes
Turn   | Place    | Note
-------+----------+-------------------------------------------
     0 | D:1      | Sabo the Naga Enchanter began the quest for the Orb.
     0 | D:1      | Reached XP level 1. HP: 15/15 MP: 3/3
   529 | D:1      | Reached XP level 2. HP: 22/22 MP: 5/5
  1077 | D:1      | Reached XP level 3. HP: 20/28 MP: 6/6
  1174 | D:1      | Reached skill level 5 in Stealth
  2863 | D:3      | Reached skill level 1 in Throwing
  2863 | D:3      | Reached XP level 4. HP: 13/36 MP: 7/7
  2869 | D:3      | Reached skill level 1 in Fighting
  2875 | D:3      | HP: 1/38 [orc (2)]
  2876 | D:3      | Mangled by an orc

Illustrated notes

Levels and vault maps discovered:
D:1:      lightli_arrival_statue_moat, layout_rooms, st_stairs_6,
          minmay_lizard_king
D:2:      layout_loops_ring, lightli_corner_chamber
D:3:      layout_loops_ring, dreamdust_ecumenical_altar_hidden_monk_grotto

Skill      XL: |  1  2  3  4 |
---------------+-------------+-----
Stealth        | 5 |  5.2
Throwing       | 1 |  1.1
Dodging        | 2 |  2.0
Short Blades   | 2 |  2.0
Fighting       | 1 |  1.5
Spellcasting   | |  2.1
Hexes          | |  3.4

Action                   |  1- 3 |  4- 6 || total
-------------------------+-------+-------++-------
Melee: Dagger            |    65 |     6 ||    71
Throw: Dart              |    26 |       ||    26
 Abil: Spit Poison       |    29 |     2 ||    31
  Use: Scroll            |     2 |       ||     2
       Potion            |     1 |       ||     1
Armor: Robe              |    10 |       ||    10
Dodge: Dodged            |    33 |     6 ||    39

Table legend: (Time is in decaauts)
 A = Elapsed time spent in this place.
 B = Non-inter-level travel time spent in this place.
 C = Inter-level travel time spent in this place.
 D = Time resting spent in this place.
 E = Time spent auto-exploring this place.
 F = Levels seen in this place.
 G = Mean time per level.
                   A        B        C        D        E       F      G
               +--------+--------+--------+--------+--------+-----+--------+
         Total |   3420 |   3415 |      5 |   1287 |      0 |   3 | 1140.0 |
       Dungeon |   3420 |   3415 |      5 |   1287 |      0 |   3 | 1140.0 |
               +--------+--------+--------+--------+--------+-----+--------+

Top non-repeatable levels by time:
     D:1: 2182 daAuts
     D:2: 1182 daAuts
     D:3: 55 daAuts
